 Dungeon Crawl Stone Soup version 0.24-a0-613-g1ff6aac (webtiles) character file.

Game seed: 15631914424096959765, levelgen mode: deterministic

155 COBRA the Chopper (level 5, -4/47 HPs)
             Began as a Hill Orc Fighter on Sept 10, 2019.
             Slain by a mummy (17 damage)
             ... in an ossuary.
             The game lasted 00:03:54 (1198 turns).

COBRA the Chopper (Hill Orc Fighter)                Turns: 1198, Time: 00:03:55

Health: -4/47      AC:  6    Str: 20    XL:     5   Next: 37%
Magic:  6/6        EV:  7    Int:  8    God:
Gold:   33         SH:  9    Dex: 10    Spells: 4/4 levels left

rFire    . . .     SeeInvis .   a - +0 war axe
rCold    . . .     Gourm    +   c - +0 shield
rNeg     . . .     Faith    .   b - +0 scale mail
rPois    .         Spirit   .   (no helmet)
rElec    .         Reflect  .   (no cloak)
rCorr    .         Harm     .   (no gloves)
MR       .....                  (no boots)
Stlth    ..........             e - amulet of the gourmand
HPRegen  0.15/turn              (no ring)
MPRegen  0.10/turn              (no ring)

@: marked
A: no striking features
a: no special abilities


You were in an ossuary.
You were very hungry.

You visited 1 branch of the dungeon, and saw 5 of its levels.
You also visited: Ossuary.

You collected 33 gold pieces.

Inventory:

Hand Weapons
 a - a +0 war axe (weapon)
Armour
 b - a +0 scale mail (worn)
 c - a +0 shield (worn)
Jewellery
 e - an amulet of the gourmand (around neck)
Wands
 g - a wand of paralysis (6)
Scrolls
 h - 2 scrolls of identify
Potions
 j - a potion of brilliance
Comestibles
 f - 3 rations


   Skills:
 * Level 4.5 Fighting
 * Level 5.7 Axes
 - Level 3.2 Armour
 - Level 3.2 Shields
 - Level 2.0 Evocations


You had 4 spell levels left.
You didn't know any spells.
Your spell library was empty.

Dungeon Overview and Level Annotations

Branches:
Dungeon (5/15)            Ossuary (1/1)
 Temple: D:4-7

Altars:


Message History

You barely miss the hobgoblin zombie.
You block the hobgoblin zombie's attack.
You hit the hobgoblin zombie.
The hobgoblin zombie is severely damaged.
The hobgoblin zombie hits you but does no damage.
You slash the hobgoblin zombie!
You destroy the hobgoblin zombie!
You slash the mummy!
The mummy is heavily damaged.
You block the mummy's attack.
You slash the mummy!
You destroy the mummy!
You block the mummy's attack.
Your shield and scale mail prevent you from hitting the mummy.
The mummy hits you but does no damage.
You hit the mummy but do no damage. The mummy closely misses you.
You slash the mummy!
The mummy is severely damaged.
The mummy hits you!
You die...

#...#.####..####.#...#
#...#.........Z.Z#...#
#...#.......####Z#...#
#...#......Z# #...#
#...#.....Z.# #...#
#...#.....ZM######...#
#...####+..MZZ.ZZ#...#
#...# #...####M#...#
#...# #...#$..@#...#
#...##############...#
#....................#
#.........∩∩......
##################


You could see a mummy, a hobgoblin zombie and a human zombie.

Vanquished Creatures
  2 centaur zombies (Ossuary)
  A worker ant (D:4)
  A mummy (Ossuary)
  2 adders
  A leopard gecko (D:3)
  A giant cockroach (D:4)
  2 goblins (D:1)
  2 hobgoblins (D:3)
  2 jackals (D:4)
  A quokka (D:4)
  2 frilled lizards
  5 hobgoblin zombies (Ossuary)
  A jackal zombie (Ossuary)
  2 kobolds (D:3)
  7 kobold zombies (Ossuary)
  9 orc zombies (Ossuary)
  A rat (D:3)
  A rat zombie (Ossuary)
43 creatures vanquished.

Notes
Turn   | Place    | Note
-------+----------+-------------------------------------------
     0 | D:1      | COBRA the Hill Orc Fighter began the quest for the Orb.
     0 | D:1      | Reached XP level 1. HP: 19/19 MP: 1/1
     8 | D:1      | Reached skill level 3 in Axes
   131 | D:3      | Reached XP level 2. HP: 22/26 MP: 2/2
   205 | D:3      | Reached skill level 4 in Axes
   526 | D:5      | Entered Level 5 of the Dungeon
   584 | D:4      | Reached XP level 3. HP: 19/31 MP: 3/3
   765 | D:4      | Reached skill level 1 in Evocations
   765 | D:4      | Reached XP level 4. HP: 4/39 MP: 3/5
   773 | D:4      | Found a sand-covered staircase.
   994 | Ossuary  | Entered an ossuary
  1167 | Ossuary  | Reached skill level 5 in Axes
  1186 | Ossuary  | Reached XP level 5. HP: 10/47 MP: 6/6
  1198 | Ossuary  | Slain by a mummy

Levels and vault maps discovered:
D:1:      roderic_crossed_star, layout_basic, minmay_tree_intersection,
          minmay_heptomino_l4
D:2:      layout_basic
D:3:      layout_rooms, ebering_ghost_reflecting_pool,
          nicolae_gozag_cash_rules_everything_around_me, uniq_natasha
D:4:      layout_basic, lightli_ossuary_entry_decrepit_ruins
D:5:      layout_basic, first_ration, serial_shops, nicolae_shop_trees,
          st_stairs_7
Ossuary:  ossuary_tomb_1

Skill      XL: |  1  2  3  4 |
---------------+-------------+-----
Axes           | 3 4 5 |  5.7
Evocations     | 1 2 |  2.0
Fighting       | 4 |  4.5
Armour         | |  3.2
Shields        | |  3.2

Action                   |  1- 3 |  4- 6 || total
-------------------------+-------+-------++-------
Melee: War axe           |   100 |    63 ||   163
Evoke: Wand              |     2 |       ||     2
  Use: Potion            |     4 |       ||     4
       Scroll            |     3 |     1 ||     4
 Stab: Paralysed         |     2 |       ||     2
Armor: Scale mail        |    42 |    31 ||    73
Dodge: Dodged            |    31 |    17 ||    48
Block: Shield            |    49 |    27 ||    76

Table legend:
 A = Non-vault XP
 B = Vault XP
 C = Vault XP percentage of total XP
 D = Non-vault monster count
 E = Vault monster count
 F = Vault count percentage of total count
                 A         B        C        D         E       F
            +---------+---------+-------+---------+---------+-------
      Total |      85 |     137 |  61.7 |      17 |      26 |  60.5
            +---------+---------+-------+---------+---------+-------
        D:1 |       4 |       0 |   0.0 |       2 |       0 |   0.0
        D:2 |       1 |       0 |   0.0 |       1 |       0 |   0.0
        D:3 |      25 |       0 |   0.0 |       8 |       0 |   0.0
        D:4 |      55 |       0 |   0.0 |       6 |       0 |   0.0
    Ossuary |       0 |     137 | 100.0 |       0 |      26 | 100.0
            +---------+---------+-------+---------+---------+-------
